 Dungeon Crawl Stone Soup version 0.25.0-10-g039870ee82 (webtiles) character file.

Game seed: 985579997000285159

1589 Majang the Magician (level 8, -1/61 HPs)
             Began as a Demigod Fire Elementalist on June 21, 2020.
             Slain by Maggie
             ... wielding a +0 halberd of flaming
              (14 damage)
             ... on level 6 of the Dungeon on June 22, 2020.
             The game lasted 00:33:22 (6825 turns).

Majang the Magician (Demigod Fire Elementalist)     Turns: 6825, Time: 00:33:22

Health: -1/61      AC:  6    Str: 14    XL:     8   Next: 35%
Magic:  12/20      EV: 13    Int: 23    God:
Gold:   235        SH:  0    Dex: 16    Spells: 6/19 levels left

rFire    + . .     SeeInvis .   k - +3 quarterstaff (chaos)
rCold    + . .     Gourm    .   (shield currently unavailable)
rNeg     . . .     Faith    .   q - +1 robe {rC+ rF+}
rPois    .         Spirit   .   b - +0 helmet
rElec    .         Reflect  .   r - +0 cloak
rCorr    .         Harm     .   m - +0 pair of gloves {Str+3}
MR       .....                  (no boots)
Stlth    ++........             (no amulet)
HPRegen  0.20/turn              n - ring of wizardry
MPRegen  0.17/turn              (no ring)

@: marked, mesmerised
A: high mp 1
a: no special abilities


You were on level 6 of the Dungeon.
You were very hungry.

You visited 2 branches of the dungeon, and saw 7 of its levels.

You collected 235 gold pieces.

Inventory:

Hand Weapons
 h - a +5 vampiric dagger
 k - a +3 quarterstaff of chaos (weapon)
Armour
 b - a +0 helmet (worn)
 m - a +0 pair of gloves of strength (worn)
 q - a +1 robe of resistance (worn)
 r - a +0 cloak (worn)
Jewellery
 n - a ring of wizardry (left hand)
Wands
 o - a wand of digging (4)
Scrolls
 a - 4 scrolls of teleportation
 d - 2 scrolls of immolation
 e - 6 scrolls of identify
 p - a scroll of amnesia
Potions
 f - 3 potions of haste
 g - a potion of mutation {unknown}
 i - a potion of curing {unknown}
 j - a potion of brilliance {unknown}
 l - a potion of magic {unknown}
 s - a potion of berserk rage {unknown}
Comestibles
 c - 9 rations


   Skills:
 + Level 1.8 Fighting
 + Level 2.1 Staves
 + Level 2.7 Dodging
 - Level 1.7 Stealth
 * Level 6.0 Spellcasting
 + Level 4.3 Conjurations
 + Level 5.1 Fire Magic
 + Level 1.8 Evocations


You had 6 spell levels left.
You knew the following spells:

 Your Spells              Type           Power        Failure   Level  Hunger
a - Foxfire               Conj/Fire      ####         1%          1    None
b - Sticky Flame          Conj/Fire      ####....     4%          4    ###....
c - Conjure Flame         Conj/Fire      ####....     1%          3    #......
d - Fireball              Conj/Fire      ####......   13%         5    #####..

Your spell library contained the following spells:

 Spells                   Type           Power        Failure   Level  Hunger
 Inner Flame              Hex/Fire       ###.....     3%          3    #......


Dungeon Overview and Level Annotations

Branches:
Dungeon (6/15)             Temple (1/1) D:4

Annotations:
D:5 exclusion: oklob plant
D:6 Maggie


Innate Abilities, Weirdness & Mutations

You have an increased reservoir of magic. (+10% MP)


Message History

Press: ? - help, Shift-Dir - straight line, f/p - Maggie
Aim: Maggie, wielding a +0 halberd of flaming, wearing +0 acid dragon scales and carrying a wand of random effects (7) (moderately wounded, mesmerising)
The sticky flame hits Maggie.
Maggie is moderately wounded.
Maggie is covered in liquid flames!
Maggie burns!
Maggie smiles, but it's obviously fake.
Maggie hits you with a +0 halberd of flaming.
* * * LOW HITPOINT WARNING * * *
Maggie burns you.
* * * LOW HITPOINT WARNING * * *
You cannot move away from Maggie!
Okay, then.
You hit Maggie. You freeze Maggie.
Maggie is heavily wounded.
Maggie burns!
Maggie hits you but does no damage.
You closely miss Maggie.
Maggie is heavily wounded.
Maggie burns!
Maggie hits you with a +0 halberd of flaming!
You die...

###### ###### #....#
######.....
#....##########....#.....
+...oco@@................
#....##########....#.....
#.>..# ######..... #....h
#.......## ##.....
#.......## #......
#####.......#. r..(....
+.....)....... ########..
#####.......<. ...
##########


You could see Maggie (mesmerising, burning), a centaur, an orc wizard and an
orc.

Vanquished Creatures
  Grinder (D:6)
  Sigmund (D:4)
  Eustachio (D:5)
  Menkaure (D:5)
  Edmund (D:6)
  An ice beast (D:5)
  An ogre (D:4)
  2 scorpions (D:4)
  A jelly (D:5)
  3 orc priests
  Crazy Yiuf (D:5)
  4 bullfrog skeletons
  A centaur skeleton (D:4)
  An iguana (D:5)
  2 orc wizards (D:4)
  2 worker ants
  3 adders (D:4)
  A shadow imp (D:5)
  An adder skeleton (D:6)
  2 worms
  2 dart slugs (D:3)
  4 leopard geckos
  23 orcs
  4 giant cockroaches
  4 goblins
  6 hobgoblins
  8 jackals
  5 quokkas
  8 bats
  5 frilled lizards
  9 kobolds
  13 rats
122 creatures vanquished.

Vanquished Creatures (others)
  374 foxfires
374 creatures vanquished.

Grand Total: 496 creatures vanquished

Notes
Turn   | Place    | Note
-------+----------+-------------------------------------------
     0 | D:1      | Majang the Demigod Fire Elementalist began the quest for
                  | the Orb.
     0 | D:1      | Reached XP level 1. HP: 14/14 MP: 5/5
   217 | D:1      | Reached skill level 1 in Conjurations
   302 | D:1      | Reached skill level 2 in Spellcasting
   507 | D:1      | Reached XP level 2. HP: 20/20 MP: 4/7
  1551 | D:2      | Found a glowing golden altar of the Shining One.
  1772 | D:2      | Reached XP level 3. HP: 26/26 MP: 7/9
  2243 | D:3      | Reached skill level 3 in Spellcasting
  2342 | D:3      | Reached XP level 4. HP: 33/33 MP: 7/11
  2353 | D:3      | Learned a level 4 spell: Sticky Flame
  3467 | D:4      | Reached XP level 5. HP: 38/38 MP: 9/13
  3875 | D:4      | Found a staircase to the Ecumenical Temple.
  3885 | Temple   | Entered the Ecumenical Temple
  4140 | D:4      | Noticed an ogre
  4148 | D:4      | Learned a level 3 spell: Conjure Flame
  4172 | D:4      | Killed an ogre
  4172 | D:4      | Reached skill level 4 in Spellcasting
  4172 | D:4      | Reached XP level 6. HP: 45/45 MP: 6/15
  4636 | D:4      | Upgraded the game from 0.25.0-9-g26727b657a to
                  | 0.25.0-10-g039870ee82
  5049 | D:4      | Noticed Sigmund
  5068 | D:4      | Killed Sigmund
  5068 | D:4      | Reached skill level 5 in Spellcasting
  5068 | D:4      | Reached XP level 7. HP: 28/50 MP: 4/17
  5436 | D:5      | Entered Level 5 of the Dungeon
  5478 | D:5      | Found a runed translucent door.
  5479 | D:5      | Noticed Crazy Yiuf
  5487 | D:5      | Killed Crazy Yiuf
  5555 | D:5      | Learned a level 5 spell: Fireball
  5590 | D:5      | Noticed Eustachio
  5599 | D:5      | Killed Eustachio
  5725 | D:5      | Reached skill level 1 in Staves
  5824 | D:5      | Reached skill level 1 in Fighting
  5966 | D:5      | Reached skill level 1 in Evocations
  6000 | D:5      | Found a sparkling altar of Nemelex Xobeh.
  6007 | D:5      | Noticed Menkaure
  6013 | D:5      | Killed Menkaure
  6013 | D:5      | Reached XP level 8. HP: 59/59 MP: 14/20
  6095 | D:5      | Found a blossoming altar of Fedhas.
  6106 | D:5      | Noticed an oklob plant
  6293 | D:6      | Noticed Edmund
  6308 | D:6      | Killed Edmund
  6522 | D:6      | Reached skill level 5 in Fire Magic
  6586 | D:6      | Found a snail-covered altar of Cheibriados.
  6586 | D:6      | Found a hide-covered altar of Uskayaw.
  6591 | D:6      | Found a glowing silver altar of Zin.
  6593 | D:6      | Found a faded altar of an unknown god.
  6629 | D:6      | Found a stormy altar of Qazlal.
  6692 | D:6      | Noticed Grinder
  6705 | D:6      | Killed Grinder
  6705 | D:6      | Reached skill level 6 in Spellcasting
  6808 | D:6      | Noticed Maggie
  6825 | D:6      | Slain by Maggie

Illustrated notes

Levels and vault maps discovered:
D:1:      dpeg_arrival_castle, layout_loops_corners
D:2:      layout_rooms, lemuel_round_altar, serial_corexii_hall,
          corexii_hall_statues_t, chequers_hall_statues_y,
          corexii_hall_statues_l, corexii_hall_statues_s, first_ration
D:3:      layout_loops_ring, hangedman_feature_mirror
D:4:      layout_basic, minmay_temple_entry_overgrown, chequers_mini_garden,
          uniq_sigmund
D:5:      layout_cave_pools, nemelex_xobeh_ov_fountains_minmay, tgw_fedhas,
          uniq_menkaure, uniq_eustachio, uniq_crazy_yiuf_cottage
D:6:      layout_basic, chequers_temple_overflow_minitemple,
          minmay_alternating_orb, uniq_maggie, uniq_grinder, uniq_edmund
Temple:   hc_temple_tempest_star

Skill      XL: |  1  2  3  4  5  6  7  8 |
---------------+-------------------------+-----
Conjurations   | 1 2 3 4 |  4.3
Spellcasting   | 2 3 4 5 6 |  6.0
Fire Magic     | 3 4 5 |  5.1
Dodging        | 2 |  2.7
Staves         | 1 2 |  2.1
Fighting       | 1 |  1.8
Evocations     | 1 |  1.8
Stealth        | |  1.7

Action                   |  1- 3 |  4- 6 |  7- 9 || total
-------------------------+-------+-------+-------++-------
Melee: Unarmed           |     6 |       |       ||     6
       Dagger            |    23 |    16 |     2 ||    41
       Quarterstaff      |       |       |    18 ||    18
 Cast: Foxfire           |    74 |    95 |    66 ||   235
       Conjure Flame     |       |     1 |     2 ||     3
       Sticky Flame      |       |     4 |    10 ||    14
  Use: Scroll            |     6 |     1 |     3 ||    10
 Stab: Sleeping          |     2 |       |     1 ||     3
  Eat: Chunk             |     5 |     9 |     5 ||    19
Armor: Robe              |     9 |    18 |     5 ||    32
Dodge: Dodged            |    38 |    50 |    17 ||   105
